 Dungeon Crawl Stone Soup version 0.21.1-1-g345015f (webtiles) character file.

5 Monsterracer the Vexing (level 1, -1/15 HPs)
             Began as a Demonspawn Arcane Marksman on Apr 14, 2018.
             Slain by a kobold
             ... wielding a +0 short sword
              (4 damage)
             ... on level 1 of the Dungeon.
             The game lasted 00:01:04 (622 turns).

Monsterracer the Vexing (Demonspawn Arcane Marksman) Turns: 622, Time: 00:01:05

Health: -1/15      AC:  2    Str: 10    XL:     1   Next: 66%
Magic:  2/2        EV: 12    Int: 14    God:
Gold:   36         SH:  0    Dex: 13    Spells: 1/2 levels left

rFire    . . .     SeeInvis .   j - +0 hand axe
rCold    . . .     Gourm    .   (no shield)
rNeg     . . .     Faith    .   a - +0 robe
rPois    .         Spirit   .   (no helmet)
rElec    .         Reflect  .   (no cloak)
rCorr    .         Harm     .   (no gloves)
MR       .....                  (no boots)
Stlth    +.........             (no amulet)
HPRegen  0.05/turn              (no ring)
MPRegen  0.08/turn              (no ring)

@: no status effects
A: no striking features
a: no special abilities


You were on level 1 of the Dungeon.
You were not hungry.

You visited 1 branch of the dungeon, and saw 1 of its levels.

You collected 36 gold pieces.

Inventory:

Hand Weapons
 j - a +0 hand axe (weapon)
Missiles
 d - a throwing net
 f - a javelin
 h - 29 stones (quivered)
Armour
 a - a +0 robe (worn)
 l - a +0 buckler
Scrolls
 g - a scroll of teleportation {unknown}
 k - a scroll of remove curse {unknown}
Potions
 e - a potion of heal wounds {unknown}
 i - a potion of might {unknown}
Books
 b - a book of Debilitation

   Spells                             Type                      Level
   a - Corona                         Hexes                        1
   b - Slow                           Hexes                        2
   c - Inner Flame                    Hexes/Fire                   3
   d - Portal Projectile              Hexes/Translocation          3
   e - Cause Fear                     Hexes                        4
   f - Leda's Liquefaction            Hexes/Earth                  4
Comestibles
 c - a ration


   Skills:
 - Level 1.4 Fighting
 + Level 0.0 Axes
 - Level 1.9 Throwing
 - Level 1.9 Dodging
 - Level 1.0 Spellcasting
 - Level 3.0 Hexes


You had one spell level left.
You knew the following spells:

 Your Spells              Type           Power        Failure   Level  Hunger
a - Corona                Hex            #......      8%          1    ##.....


Dungeon Overview and Level Annotations

Branches:
Dungeon (1/15)

Altars:
Okawaru


Message History

You throw a stone. The stone hits the rat.
The rat is severely wounded.
The rat bites you.
* * * LOW HITPOINT WARNING * * *
You take 2 damage, and have 5/15 hp.
Throwing (i - inventory. (,) - cycle):
h - 2 stones (quivered)
Press: ? - help, Shift-Dir - straight line, f/p - rat
Aim: a rat (severely wounded)
You throw a stone. The stone hits the rat.
You kill the rat!
A leopard gecko comes into view.
The leopard gecko hisses angrily.
The leopard gecko closely misses you.
Found a spear.
You see here a stone.
The leopard gecko misses you.
Found an iron altar of Okawaru.
The leopard gecko bites you.
* * * LOW HITPOINT WARNING * * *
Found a mace.
You take 5 damage, and have 1/15 hp.
MASSIVE DAMAGE!!
Fire/throw which item? (* to show all) (? for menu, Esc to quit)
Press: ? - help, Shift-Dir - straight line, f - leopard gecko
Aim: a leopard gecko (clinging)
You throw a throwing net.
The throwing net hits the leopard gecko.
The leopard gecko is caught in the net!
The leopard gecko struggles against the net.
Fire/throw which item? (* to show all) (? for menu, Esc to quit)
Press: ? - help, Shift-Dir - straight line, f/p - leopard gecko
Aim: a leopard gecko (entangled in a net, clinging)
You throw a javelin. The javelin hits the leopard gecko.
The leopard gecko is severely wounded.
The leopard gecko struggles against the net. x2
Fire/throw which item? (* to show all) (? for menu, Esc to quit)
Press: ? - help, Shift-Dir - straight line, f/p - leopard gecko
Aim: a leopard gecko (severely wounded, entangled in a net, clinging)
You throw a javelin. The javelin hits the leopard gecko.
You kill the leopard gecko!
f - 5 javelins (gained 2)
You see here a leopard gecko corpse.
h - 2 stones (gained 1)
You start resting.
You regained 11 hp, and now have 12/15 hp.
Found a falchion.
You see here a hand axe.
j - a hand axe Wield which item (- for none, * to show all)? (? for menu, Esc to quit)
j - a +0 hand axe (weapon)
HP restored.
h - 29 stones (gained 27) Key pressed, stopping explore.
k - a scroll labeled GAWAUXT DELOI Health restored: 15 The kobold shouts!
Found 21 sling bullets.
The teleport trap disappears.
The kobold disappears!
Found a buckler.
No target in view!
No target in view!
No target in view!
No target in view!
You see here a buckler.
l - a buckler A kobold is nearby!
The kobold hits you with a short sword.
You take 2 damage, and have 13/15 hp.
You closely miss the kobold. The kobold hits you with a short sword.
You take 1 damage, and have 12/15 hp.
You closely miss the kobold. The kobold hits you with a short sword.
* * * LOW HITPOINT WARNING * * *
The kobold closely misses you.
You take 6 damage, and have 6/15 hp.
MASSIVE DAMAGE!!
Throwing (i - inventory. (,) - cycle):
h - 29 stones (quivered)
Press: ? - help, Shift-Dir - straight line, f - kobold
Aim: a kobold, wielding a short sword
Okay, then.
Fire/throw which item? (* to show all) (? for menu, Esc to quit)
Press: ? - help, Shift-Dir - straight line, f - kobold
Aim: a kobold, wielding a short sword You throw a javelin.
The javelin hits the kobold.
The kobold is heavily wounded.
The kobold hits you with a short sword.
* * * LOW HITPOINT WARNING * * *
You take 4 damage, and have 3/15 hp.
MASSIVE DAMAGE!!
Fire/throw which item? (* to show all) (? for menu, Esc to quit)
Press: ? - help, Shift-Dir - straight line, f/p - kobold
Aim: a kobold, wielding a short sword (heavily wounded)
You throw a javelin. The javelin barely misses the kobold.
The kobold barely misses you.
Fire/throw which item? (* to show all) (? for menu, Esc to quit)
Press: ? - help, Shift-Dir - straight line, f/p - kobold
Aim: a kobold, wielding a short sword (heavily wounded)
You throw a javelin. The javelin closely misses the kobold.
The kobold misses you. The kobold closely misses you.
Fire/throw which item? (* to show all) (? for menu, Esc to quit)
Press: ? - help, Shift-Dir - straight line, f/p - kobold
Aim: a kobold, wielding a short sword (heavily wounded)
You throw a javelin. The javelin closely misses the kobold.
The kobold hits you with a short sword.
You die...

.... ##.###.#### ####(#### #.##
##...# #.......# ##.###.##.#
#.......# #..#..##.# #.......#
##....##.# #.......# #.##.##.#
#...(...#####.##.##.#
##...K...............#
##########....@....##.####.##.#
#..........#.#.....##.#.......#
#.##..####.#.##...###.#.##.##.#
###.##..#.......#.......#....##..
.....(.>..##.#......#####..####.#
.##.##..####.##.##.## #.......#
.##.....####.......## ##.######
.#####..............# #...# # .#
#####.##....##.# #...# #


You could see a kobold.

Vanquished Creatures
  A leopard gecko (D:1)
  A hobgoblin (D:1)
  A kobold (D:1)
  2 rats (D:1)
5 creatures vanquished.

Notes
Turn   | Place    | Note
-------+----------+-------------------------------------------
     0 | D:1      | Monsterracer the Demonspawn Arcane Marksman began the quest for the Orb.
     0 | D:1      | Reached XP level 1. HP: 15/15 MP: 2/2
   255 | D:1      | HP: 7/15 [rat (3)]
   259 | D:1      | Found an iron altar of Okawaru.
   260 | D:1      | HP: 1/15 [leopard gecko (5)]
   612 | D:1      | HP: 6/15 [kobold/short sword (6)]
   619 | D:1      | HP: 3/15 [kobold/short sword (4)]
   622 | D:1      | Slain by a kobold

Action                   || total
-------------------------++-------
Melee: Unarmed           ||    17
       Hand axe          ||     2
Throw: Javelin           ||     9
       Stone             ||     2
       Throwing net      ||     2
Armor: Robe              ||     3
Dodge: Dodged            ||    14

Vault maps used:
D:1:      minmay_arrival_four_houses, minivault_23, okawaru_ov_weapons_minmay
